[ AOE2 MATCH · #507274191 ]
UnrankedBengalis vs Huns
Player's team · WIN
Rival team · LOSS
[ REPLAY ANALYSIS · EXTRACTED FROM THE RECORDED GAME ]
Feudal
9:17
Castle
24:35
Imperial
—
| APM avg | 41.5 |
| APM peak | 88 |
| eAPM avg | 22.4 |
| Villagers / military | 71 / 30 |
Focus
⚔️ 44.3% · 🌾 55.7%
Ratha (Ranged) ×14 · Archer ×7 · Monk ×5 · Skirmisher ×4
Feudal
10:00
Castle
22:25
Imperial
—
| APM avg | 77.7 |
| APM peak | 103 |
| eAPM avg | 33.6 |
| Villagers / military | 58 / 86 |
Focus
⚔️ 41.3% · 🌾 58.7%
Knight ×36 · Archer ×26 · Monk ×8 · Battering Ram ×8 · Militia ×4 · Mangonel ×3
Match map
Initial resources + every placement click. Lines = walls · curves = elevation contours. ◆ gold · ⬟ stone · ● berries · ✦ relic · ◌ wall gap
Your base· ✓ Closed at 24:35 · 45t walls · no gate
Pedro's base· Open — unwalled flank
Smoothed initial terrain · ◌ = detected wall gap · hover for details
Inputs per minute
— qazxx147 - - Pedro
Build order — qazxx147
First 150 of 190 actions detected
| 0:01 | Queue | Villager (Male) |
| 0:02 | Build | House |
| 0:04 | Build | House |
| 0:10 | Queue | Villager (Male) |
| 0:10 | Queue | Villager (Male) |
| 0:10 | Queue | Villager (Male) |
| 1:25 | Queue | Villager (Male) |
| 2:03 | Queue | Villager (Male) |
| 2:04 | Queue | Villager (Male) |
| 2:07 | Queue | Villager (Male) |
| 2:51 | Queue | Villager (Male) |
| 2:51 | Queue | Villager (Male) |
| 3:08 | Build | Lumber Camp |
| 3:16 | Queue | Villager (Male) |
| 3:35 | Queue | Villager (Male) |
| 3:35 | Queue | Villager (Male) |
| 3:38 | Build | House |
| 4:07 | Queue | Villager (Male) |
| 4:07 | Queue | Villager (Male) |
| 4:38 | Queue | Villager (Male) |
| 4:47 | Queue | Villager (Male) |
| 5:11 | Queue | Villager (Male) |
| 5:31 | Build | Mill |
| 5:56 | Queue | Villager (Male) |
| 5:56 | Research | Loom |
| 6:53 | Research | Feudal Age |
| 7:09 | Build | Barracks |
| 7:30 | Build | House |
| 7:33 | Build | Palisade Wall |
| 7:35 | Build | Palisade Wall |
| 8:20 | Build | Lumber Camp |
| 8:32 | Build | Palisade Wall |
| 8:34 | Build | Palisade Wall |
| 8:41 | Build | Palisade Wall |
| 8:42 | Build | Palisade Wall |
| 8:43 | Build | Palisade Wall |
| 8:54 | Build | Palisade Wall |
| 9:05 | Queue | Villager (Male) |
| 9:17 | Age | Feudal Age |
| 9:18 | Build | Palisade Wall |
| 9:20 | Queue | Villager (Male) |
| 9:42 | Build | Archery Range |
| 9:42 | Queue | Villager (Male) |
| 10:21 | Build | Mining Camp |
| 10:24 | Queue | Villager (Male) |
| 10:34 | Build | House |
| 10:47 | Build | House |
| 10:59 | Research | Double-Bit Axe |
| 11:01 | Queue | Villager (Male) |
| 11:17 | Queue | Archer |
| 11:23 | Queue | Villager (Male) |
| 11:32 | Queue | Skirmisher |
| 11:35 | Queue | Villager (Male) |
| 11:47 | Build | Mining Camp |
| 12:05 | Build | Palisade Wall |
| 12:10 | Queue | Villager (Male) |
| 12:19 | Build | Watch Tower |
| 12:31 | Queue | Villager (Male) |
| 12:38 | Build | Palisade Wall |
| 12:39 | Build | Palisade Wall |
| 12:40 | Build | Palisade Wall |
| 12:41 | Build | Palisade Wall |
| 12:54 | Build | House |
| 13:04 | Build | Palisade Wall |
| 13:12 | Queue | Archer |
| 13:16 | Queue | Villager (Male) |
| 13:18 | Build | House |
| 13:31 | Build | Blacksmith |
| 13:32 | Queue | Villager (Male) |
| 13:42 | Build | Palisade Wall |
| 13:48 | Build | Farm |
| 13:53 | Build | Farm |
| 13:55 | Build | Farm |
| 13:56 | Queue | Villager (Male) |
| 14:00 | Queue | Villager (Male) |
| 14:16 | Research | Fletching |
| 14:17 | Queue | Villager (Male) |
| 14:21 | Build | Farm |
| 14:22 | Queue | Villager (Male) |
| 14:31 | Build | Farm |
| 14:32 | Queue | Villager (Male) |
| 14:41 | Queue | Archer |
| 14:48 | Build | Farm |
| 14:53 | Queue | Archer |
| 14:56 | Queue | Villager (Male) |
| 14:57 | Build | Farm |
| 15:07 | Build | Farm |
| 15:20 | Queue | Skirmisher |
| 15:24 | Build | Farm |
| 15:27 | Build | House |
| 15:42 | Build | House |
| 15:43 | Build | House |
| 16:11 | Queue | Villager (Male) |
| 16:14 | Queue | Archer |
| 16:15 | Queue | Skirmisher |
| 16:27 | Build | Farm |
| 16:43 | Build | Watch Tower |
| 16:48 | Queue | Villager (Male) |
| 16:49 | Build | Farm |
| 16:51 | Queue | Villager (Male) |
| 16:57 | Queue | Villager (Male) |
| 17:01 | Queue | Villager (Male) |
| 17:43 | Queue | Villager (Male) |
| 17:48 | Build | House |
| 17:50 | Build | House |
| 17:51 | Build | House |
| 17:59 | Queue | Villager (Male) |
| 18:07 | Research | Padded Archer Armor |
| 18:16 | Queue | Skirmisher |
| 18:38 | Build | Farm |
| 18:46 | Build | House |
| 18:55 | Queue | Villager (Male) |
| 19:11 | Build | Farm |
| 19:23 | Build | Market |
| 19:34 | Build | Farm |
| 19:44 | Queue | Villager (Male) |
| 19:48 | Research | Wheelbarrow |
| 19:50 | Build | Farm |
| 19:55 | Build | Farm |
| 20:01 | Queue | Villager (Male) |
| 20:31 | Build | House |
| 20:51 | Queue | Archer |
| 21:16 | Queue | Archer |
| 21:55 | Research | Castle Age |
| 22:14 | Queue | Villager (Male) |
| 22:42 | Build | Stone Wall |
| 22:47 | Build | Stone Wall |
| 23:35 | Build | Farm |
| 23:37 | Queue | Villager (Male) |
| 23:55 | Queue | Villager (Male) |
| 24:10 | Build | House |
| 24:11 | Build | House |
| 24:14 | Build | House |
| 24:15 | Build | Stone Wall |
| 24:22 | Build | Stone Wall |
| 24:24 | Build | Stone Wall |
| 24:26 | Build | Stone Wall |
| 24:35 | Age | Castle Age |
| 24:54 | Build | Castle |
| 24:56 | Queue | Villager (Male) |
| 24:58 | Queue | Villager (Male) |
| 25:05 | Research | Bodkin Arrow |
| 25:08 | Build | Monastery |
| 25:09 | Queue | Villager (Male) |
| 25:15 | Queue | Villager (Male) |
| 25:21 | Queue | Villager (Male) |
| 25:24 | Queue | Villager (Male) |
| 25:45 | Queue | Ratha (Ranged) |
| 25:45 | Queue | Ratha (Ranged) |
| 25:46 | Queue | Ratha (Ranged) |
Build order — Pedro
First 150 of 217 actions detected
| 0:01 | Queue | Villager (Male) |
| 0:01 | Queue | Villager (Male) |
| 0:14 | Queue | Villager (Male) |
| 0:18 | Queue | Villager (Male) |
| 1:17 | Queue | Villager (Male) |
| 2:01 | Build | Lumber Camp |
| 2:01 | Queue | Villager (Male) |
| 2:09 | Queue | Villager (Male) |
| 2:25 | Queue | Villager (Male) |
| 3:14 | Queue | Villager (Male) |
| 3:21 | Queue | Villager (Male) |
| 3:39 | Queue | Villager (Male) |
| 4:17 | Queue | Villager (Male) |
| 4:47 | Queue | Villager (Male) |
| 5:04 | Build | Barracks |
| 5:14 | Queue | Villager (Male) |
| 5:56 | Queue | Villager (Male) |
| 5:57 | Queue | Villager (Male) |
| 6:01 | Queue | Militia |
| 6:02 | Queue | Militia |
| 6:14 | Queue | Villager (Male) |
| 6:21 | Queue | Militia |
| 6:35 | Build | Mill |
| 6:44 | Queue | Villager (Male) |
| 7:01 | Queue | Militia |
| 7:05 | Research | Loom |
| 7:50 | Research | Feudal Age |
| 8:07 | Build | Mining Camp |
| 8:21 | Build | Lumber Camp |
| 8:56 | Queue | Villager (Male) |
| 10:00 | Age | Feudal Age |
| 10:01 | Research | Man-at-Arms (upgrade) |
| 10:01 | Research | Man-at-Arms (upgrade) |
| 10:03 | Research | Double-Bit Axe |
| 10:03 | Research | Double-Bit Axe |
| 10:07 | Build | Archery Range |
| 10:32 | Queue | Villager (Male) |
| 10:52 | Build | Archery Range |
| 10:54 | Queue | Archer |
| 10:54 | Queue | Archer |
| 10:55 | Queue | Archer |
| 11:12 | Build | Watch Tower |
| 11:15 | Queue | Villager (Male) |
| 11:38 | Queue | Skirmisher |
| 11:38 | Queue | Archer |
| 11:58 | Queue | Archer |
| 11:58 | Queue | Archer |
| 11:58 | Queue | Villager (Male) |
| 12:16 | Queue | Archer |
| 12:17 | Queue | Archer |
| 12:21 | Build | Blacksmith |
| 12:38 | Queue | Villager (Male) |
| 12:38 | Queue | Archer |
| 12:39 | Queue | Archer |
| 12:59 | Queue | Archer |
| 12:59 | Queue | Archer |
| 12:59 | Queue | Villager (Male) |
| 13:06 | Build | Palisade Wall |
| 13:07 | Build | Palisade Wall |
| 13:12 | Queue | Archer |
| 13:12 | Queue | Archer |
| 13:20 | Research | Fletching |
| 13:20 | Research | Fletching |
| 13:31 | Build | Farm |
| 13:39 | Queue | Villager (Male) |
| 13:48 | Queue | Archer |
| 13:48 | Queue | Archer |
| 14:05 | Queue | Archer |
| 14:05 | Queue | Archer |
| 14:16 | Queue | Villager (Male) |
| 14:25 | Build | Farm |
| 14:25 | Build | Farm |
| 14:41 | Queue | Villager (Male) |
| 14:46 | Build | Farm |
| 14:48 | Build | Farm |
| 14:50 | Queue | Archer |
| 14:58 | Queue | Archer |
| 14:59 | Queue | Archer |
| 14:59 | Queue | Archer |
| 15:02 | Build | Farm |
| 15:02 | Queue | Villager (Male) |
| 15:14 | Queue | Archer |
| 15:14 | Queue | Archer |
| 15:26 | Queue | Villager (Male) |
| 15:49 | Queue | Villager (Male) |
| 16:18 | Queue | Villager (Male) |
| 16:21 | Queue | Villager (Male) |
| 16:23 | Build | Farm |
| 16:23 | Build | Farm |
| 16:24 | Build | Farm |
| 16:47 | Queue | Villager (Male) |
| 16:53 | Build | Farm |
| 16:55 | Queue | Villager (Male) |
| 16:57 | Build | Farm |
| 17:16 | Build | Farm |
| 17:35 | Queue | Villager (Male) |
| 17:39 | Queue | Archer |
| 17:40 | Queue | Archer |
| 17:47 | Build | Farm |
| 17:48 | Build | Farm |
| 17:48 | Build | Farm |
| 17:49 | Build | Farm |
| 17:49 | Build | Farm |
| 17:59 | Queue | Villager (Male) |
| 18:21 | Build | Farm |
| 18:55 | Build | Farm |
| 19:45 | Research | Castle Age |
| 19:46 | Research | Castle Age |
| 19:47 | Build | Stable |
| 20:10 | Build | Stable |
| 20:43 | Research | Scale Barding Armor |
| 20:59 | Build | Farm |
| 21:32 | Queue | Villager (Male) |
| 21:56 | Research | Forging |
| 21:56 | Queue | Villager (Male) |
| 22:25 | Age | Castle Age |
| 22:26 | Queue | Villager (Male) |
| 22:29 | Queue | Knight |
| 22:29 | Queue | Knight |
| 22:30 | Queue | Knight |
| 22:34 | Build | Siege Workshop |
| 22:39 | Queue | Knight |
| 22:39 | Queue | Knight |
| 22:40 | Queue | Knight |
| 22:40 | Queue | Knight |
| 22:50 | Queue | Knight |
| 22:50 | Queue | Knight |
| 22:53 | Queue | Knight |
| 22:53 | Queue | Knight |
| 22:58 | Research | Bloodlines |
| 22:59 | Queue | Villager (Male) |
| 23:00 | Queue | Knight |
| 23:16 | Queue | Knight |
| 23:16 | Queue | Knight |
| 23:26 | Queue | Mangonel |
| 23:26 | Queue | Mangonel |
| 23:27 | Queue | Mangonel |
| 23:30 | Build | Mining Camp |
| 24:00 | Queue | Knight |
| 24:00 | Queue | Knight |
| 24:05 | Build | Farm |
| 24:06 | Build | Farm |
| 24:06 | Queue | Villager (Male) |
| 24:19 | Queue | Battering Ram |
| 24:20 | Queue | Battering Ram |
| 24:39 | Queue | Knight |
| 24:40 | Queue | Knight |
| 24:43 | Queue | Villager (Male) |
| 24:45 | Build | Farm |
| 24:45 | Build | Farm |
Match timeline
| 5:04 | Pedro · first_building Barracks |
| 7:09 | qazxx147 · first_building Barracks |
| 7:33 | qazxx147 · wall_segment Palisade Wall x3 |
| 7:35 | qazxx147 · wall_segment Palisade Wall x8 |
| 8:32 | qazxx147 · wall_segment Palisade Wall x3 |
| 8:34 | qazxx147 · wall_segment Palisade Wall x1 |
| 8:41 | qazxx147 · wall_segment Palisade Wall x1 |
| 8:42 | qazxx147 · wall_segment Palisade Wall x3 |
| 8:43 | qazxx147 · wall_segment Palisade Wall x1 |
| 8:54 | qazxx147 · wall_segment Palisade Wall x8 |
| 9:17 | qazxx147 · age_up feudal |
| 9:18 | qazxx147 · wall_segment Palisade Wall x5 |
| 9:42 | qazxx147 · first_building Archery Range |
| 10:00 | Pedro · age_up feudal |
| 10:07 | Pedro · first_building Archery Range |
| 12:05 | qazxx147 · wall_segment Palisade Wall x1 |
| 12:38 | qazxx147 · wall_segment Palisade Wall x1 |
| 12:39 | qazxx147 · wall_segment Palisade Wall x1 |
| 12:40 | qazxx147 · wall_segment Palisade Wall x1 |
| 12:41 | qazxx147 · wall_segment Palisade Wall x1 |
| 13:04 | qazxx147 · wall_segment Palisade Wall x1 |
| 13:06 | Pedro · wall_segment Palisade Wall x1 |
| 13:07 | Pedro · wall_segment Palisade Wall x1 |
| 13:42 | qazxx147 · wall_segment Palisade Wall x1 |
| 19:47 | Pedro · first_building Stable |
| 20:06 | qazxx147 · first_market_sell 100 wood |
| 21:26 | qazxx147 · first_market_buy 100 food |
| 22:25 | Pedro · age_up castle |
| 22:34 | Pedro · first_building Siege Workshop |
| 22:42 | qazxx147 · wall_segment Stone Wall x1 |
| 22:47 | qazxx147 · wall_segment Stone Wall x1 |
| 24:15 | qazxx147 · wall_segment Stone Wall x1 |
| 24:22 | qazxx147 · wall_segment Stone Wall x1 |
| 24:24 | qazxx147 · wall_segment Stone Wall x1 |
| 24:26 | qazxx147 · wall_segment Stone Wall x1 |
| 24:35 | qazxx147 · age_up castle |
| 24:54 | qazxx147 · first_building Castle |
| 25:08 | qazxx147 · first_building Monastery |
| 25:46 | Pedro · first_building Monastery |
| 31:41 | Pedro · resign |
[ AI ANALYSIS · 1 CREDIT ]
What really happened in this match?
Wolo.gg analyzes every decision: build order, eco, micro, common mistakes by bracket. Personalized analysis on WhatsApp or Discord in 30 seconds.
Civ guide
Bengalis
Perfil
Jugador #1167328